 Dungeon Crawl Stone Soup version 0.21.1-1-g345015fe64 (webtiles) character file.

51 Lavandula the Chopper (level 3, -5/46 HPs)
             Began as a Centaur Berserker on June 3, 2018.
             Was a Follower of Trog.
             Slain by an orc
             ... wielding a +0 flail
              (8 damage)
             ... on level 3 of the Dungeon.
             The game lasted 00:02:01 (357 turns).

Lavandula the Chopper (Centaur Berserker)            Turns: 357, Time: 00:02:02

Health: -5/46      AC:  4    Str: 25    XL:     3   Next: 58%
Magic:  3/3        EV:  9    Int:  6    God:    Trog [*.....]
Gold:   46         SH:  0    Dex:  8    Spells: 2/2 levels left

rFire    . . .     SeeInvis .   a - +0 hand axe
rCold    . . .     Gourm    .   (no shield)
rNeg     . . .     Faith    .   b - +0 animal skin
rPois    .         Spirit   .   (no helmet)
rElec    .         Reflect  .   (no cloak)
rCorr    .         Harm     .   (no gloves)
MR       .....                  (no barding)
Stlth    ..........             (no amulet)
HPRegen  0.15/turn              (no ring)
MPRegen  0.08/turn              (no ring)

@: berserking, very quick
A: large, hooves 3, deformed body, speed 2, tough skin 3
a: Berserk, Burn Spellbooks, Renounce Religion


You were on level 3 of the Dungeon.
You worshipped Trog.
Trog was aware of your devotion.
You were not hungry.

You visited 1 branch of the dungeon, and saw 3 of its levels.

You collected 46 gold pieces.

Inventory:

Hand Weapons
 a - a +0 hand axe (weapon)
Missiles
 k - 14 poisoned needles
Armour
 b - a +0 animal skin (worn)
 f - a +1 robe of magic resistance
Scrolls
 g - a scroll of remove curse {unknown}
 h - a scroll of blinking {unknown}
 i - a scroll of noise {unknown}
 j - a scroll of teleportation {unknown}
 l - a scroll of enchant armour {unknown}
Potions
 d - a potion of curing {unknown}
 e - a potion of haste {unknown}
 m - a potion of might {unknown}
 n - a potion of mutation {unknown}
 o - a potion of degeneration {unknown}
Comestibles
 c - 3 rations


   Skills:
 - Level 3.0 Fighting
 + Level 4.2 Axes
 - Level 1.3 Armour
 - Level 1.3 Dodging


You had 2 spell levels left.
You didn't know any spells.

Dungeon Overview and Level Annotations

Branches:
Dungeon (3/15)

Altars:


Innate Abilities, Weirdness & Mutations

You have hooves in place of feet.
Armour fits poorly on your strangely shaped body.
You cover ground very quickly.
You have extremely tough skin. (AC +3)


Message History

You kill the orc wizard!
Trog accepts your kill.
Trog appreciates your killing of a magic user.
Your Axes skill increases to level 4!
You have reached level 3!
Your experience leads to an increase in your attributes!
Your base attributes are Str 19, Int 6, Dex 8.
Increase (S)trength, (I)ntelligence, or (D)exterity?
You feel stronger.
You barely miss the orc. You closely miss the leopard gecko.
The leopard gecko barely misses you. The orc hits you.
You barely miss the leopard gecko. Your kick misses the leopard gecko.
You hit the orc. x2
The orc priest mumbles some strange prayers to Beogh against you.
Beogh smites you!
* * * LOW HITPOINT WARNING * * *
The leopard gecko bites you.
* * * LOW HITPOINT WARNING * * *
The orc hits you with a flail!
You die...

.. ... ... ...
###.###!####
..o....... ........
#...... ... #..##.#
##..
#...###oo##<#.....
#.....)@...........
........l...#......
#...##.............
#.. #.............
. ......##.##......
.###..##.. ..#...
...............
###..##..#..#. ...
....>


You could see an orc priest, 2 orcs and a leopard gecko.

Vanquished Creatures
  An orc wizard (D:3)
  3 dart slugs (D:1)
  2 bats
  A giant cockroach (D:1)
  A goblin (D:2)
  5 hobgoblins
  2 kobolds
  A ball python (D:2)
  A frilled lizard (D:2)
  3 rats
20 creatures vanquished.

Notes
Turn   | Place    | Note
-------+----------+-------------------------------------------
     0 | D:1      | Lavandula the Centaur Berserker began the quest for the Orb.
     0 | D:1      | Reached XP level 1. HP: 19/19 MP: 1/1
    61 | D:1      | Reached skill level 3 in Axes
    73 | D:1      | Reached XP level 2. HP: 23/26 MP: 2/2
   356 | D:3      | Reached skill level 4 in Axes
   356 | D:3      | Reached XP level 3. HP: 17/31 MP: 3/3
   357 | D:3      | Slain by an orc

Skill      XL: |  1  2 |
---------------+-------+-----
Axes           | 3 4 |  4.2
Fighting       | |  3.0
Armour         | |  1.3
Dodging        | |  1.3

Action                   || total
-------------------------++-------
Melee: Hand axe          ||    44
       Kick              ||     7
Invok: Berserk           ||     1
Armor: Animal skin       ||    18
Dodge: Dodged            ||    22
